[ PARTIDA AOE2 · #480258381 ]
UnrankedItalianos vs Cumans
[ ANÁLISIS DE REPETICIÓN · EXTRAÍDO DE LA PARTIDA GRABADA ]
Feudal
11:50
Castillos
15:24
Imperial
—
| APM promedio | 34.7 |
| APM pico | 98 |
| eAPM promedio | 16.2 |
| Aldeanos / militares | 71 / 41 |
Foco
⚔️ 31.9% · 🌾 68.1%
Genoese Crossbowman ×35 · Scout Cavalry ×3 · Knight ×2 · Petard ×1
Feudal
8:53
Castillos
19:52
Imperial
32:05
| APM promedio | 55.5 |
| APM pico | 136 |
| eAPM promedio | 35.4 |
| Aldeanos / militares | 133 / 63 |
Foco
⚔️ 54.3% · 🌾 45.7%
Knight ×48 · Battering Ram ×15
Feudal
10:57
Castillos
17:21
Imperial
—
| APM promedio | 43.6 |
| APM pico | 88 |
| eAPM promedio | 25.4 |
| Aldeanos / militares | 37 / 29 |
Foco
⚔️ 43.5% · 🌾 56.5%
Arambai ×22 · Battering Ram ×7
Feudal
—
Castillos
—
Imperial
—
| APM promedio | 27.1 |
| APM pico | 57 |
| eAPM promedio | 21.0 |
| Aldeanos / militares | 138 / 25 |
Foco
⚔️ 28.4% · 🌾 71.6%
Knight ×10 · Battering Ram ×9 · Scorpion ×5 · Mangonel ×1
Feudal
11:02
Castillos
14:43
Imperial
—
| APM promedio | 40.8 |
| APM pico | 98 |
| eAPM promedio | 22.7 |
| Aldeanos / militares | 95 / 0 |
Foco
⚔️ 29.6% · 🌾 70.4%
Feudal
11:55
Castillos
15:41
Imperial
—
| APM promedio | 29.9 |
| APM pico | 56 |
| eAPM promedio | 13.5 |
| Aldeanos / militares | 85 / 22 |
Foco
⚔️ 16.1% · 🌾 83.9%
Conquistador ×18 · Mangonel ×4
Feudal
10:52
Castillos
17:42
Imperial
27:02
| APM promedio | 51.5 |
| APM pico | 94 |
| eAPM promedio | 23.7 |
| Aldeanos / militares | 96 / 32 |
Foco
⚔️ 23.6% · 🌾 76.4%
Battle Elephant ×25 · Monk ×3 · Scout Cavalry ×3 · Trebuchet (Packed) ×1
Feudal
10:57
Castillos
14:36
Imperial
28:51
| APM promedio | 45.0 |
| APM pico | 90 |
| eAPM promedio | 24.3 |
| Aldeanos / militares | 168 / 77 |
Foco
⚔️ 18.9% · 🌾 81.1%
Elephant Archer ×74 · Monk ×3
Mapa de la partida
Recursos iniciales + cada clic de construcción. Líneas = muros · curvas = relieve. ◆ oro · ⬟ piedra · ● bayas · ✦ reliquia · ◌ hueco del cierre
Tu base· ✓ Cerrada en 15:24 · 7t muro · 5 puerta(s)
Base de Zni.Locuss· ✓ Cerrada en 19:52 · 0t muro · 2 puerta(s)
Base de 主打抽象· ✓ Cerrada en 17:21 · 35t muro · 3 puerta(s)
Base de AMalik7032· ✓ Cerrada en 21:56 · 18t muro · 2 puerta(s)
Base de killua· ✓ Cerrada en 14:43 · 7t muro · 3 puerta(s)
Base de IYI_BGALEX· ✓ Cerrada en 15:41 · 0t muro · 3 puerta(s)
Base de Zni.Venom· ✓ Cerrada en 17:42 · 0t muro · 3 puerta(s)
Base de 棉花糖· ✓ Cerrada en 14:36 · 0t muro · 2 puerta(s)
Terreno inicial suavizado · ◌ = hueco del cierre detectado · pasá el cursor para detalles
Inputs por minuto
— 76561199114178359 - - Zni.Locuss
Build order — 76561199114178359
Primeras 150 de 181 acciones detectadas
| 0:01 | Crear | Villager (Male) |
| 0:01 | Crear | Villager (Male) |
| 0:03 | Construir | House |
| 0:05 | Construir | House |
| 0:23 | Crear | Villager (Male) |
| 0:23 | Crear | Villager (Male) |
| 1:27 | Crear | Villager (Male) |
| 1:40 | Crear | Villager (Male) |
| 1:40 | Crear | Villager (Male) |
| 1:45 | Construir | Lumber Camp |
| 2:15 | Crear | Villager (Male) |
| 2:53 | Crear | Villager (Male) |
| 2:53 | Crear | Villager (Male) |
| 3:06 | Crear | Villager (Male) |
| 3:07 | Crear | Villager (Male) |
| 3:40 | Construir | House |
| 3:42 | Construir | House |
| 3:42 | Construir | House |
| 3:48 | Construir | House |
| 3:50 | Crear | Villager (Male) |
| 3:50 | Crear | Villager (Male) |
| 3:52 | Crear | Villager (Male) |
| 3:52 | Crear | Villager (Male) |
| 4:05 | Crear | Villager (Male) |
| 4:37 | Crear | Villager (Male) |
| 4:38 | Crear | Villager (Male) |
| 4:55 | Construir | Mill |
| 5:05 | Crear | Villager (Male) |
| 5:08 | Construir | Palisade Gate |
| 5:13 | Construir | Palisade Gate |
| 5:19 | Construir | Palisade Wall |
| 5:26 | Construir | Palisade Wall |
| 5:29 | Construir | Palisade Wall |
| 5:32 | Construir | Palisade Wall |
| 5:36 | Construir | Palisade Wall |
| 5:36 | Crear | Villager (Male) |
| 5:38 | Construir | Palisade Wall |
| 5:41 | Construir | Palisade Wall |
| 5:53 | Crear | Villager (Male) |
| 6:22 | Crear | Villager (Male) |
| 6:52 | Crear | Villager (Male) |
| 7:11 | Crear | Villager (Male) |
| 7:32 | Construir | Mining Camp |
| 7:59 | Crear | Villager (Male) |
| 8:01 | Crear | Villager (Male) |
| 8:33 | Crear | Villager (Male) |
| 8:34 | Crear | Villager (Male) |
| 8:54 | Construir | Mining Camp |
| 9:13 | Investigar | Feudal Age |
| 11:36 | Crear | Villager (Male) |
| 11:37 | Crear | Villager (Male) |
| 11:50 | Edad | Edad Feudal |
| 11:52 | Construir | Blacksmith |
| 11:55 | Construir | Market |
| 12:44 | Investigar | Castle Age |
| 12:45 | Investigar | Castle Age |
| 12:53 | Investigar | Double-Bit Axe |
| 13:22 | Construir | Lumber Camp |
| 13:28 | Crear | Villager (Male) |
| 13:28 | Crear | Villager (Male) |
| 13:36 | Construir | House |
| 13:37 | Construir | House |
| 13:48 | Investigar | Fletching |
| 13:55 | Construir | Farm |
| 13:56 | Construir | Farm |
| 13:59 | Construir | Farm |
| 14:03 | Construir | Farm |
| 14:31 | Construir | Farm |
| 14:37 | Construir | Farm |
| 14:41 | Construir | Farm |
| 14:47 | Investigar | Horse Collar |
| 14:54 | Construir | Farm |
| 14:58 | Construir | Farm |
| 15:24 | Edad | Edad de los Castillos |
| 15:34 | Construir | Castle |
| 15:39 | Crear | Villager (Male) |
| 15:53 | Crear | Villager (Male) |
| 15:59 | Construir | University |
| 16:08 | Crear | Villager (Male) |
| 16:45 | Crear | Genoese Crossbowman |
| 16:45 | Crear | Genoese Crossbowman |
| 16:50 | Investigar | Ballistics |
| 16:52 | Crear | Villager (Male) |
| 16:55 | Crear | Villager (Male) |
| 16:55 | Investigar | Loom |
| 16:57 | Construir | Farm |
| 17:14 | Crear | Villager (Male) |
| 17:20 | Construir | Farm |
| 17:22 | Crear | Genoese Crossbowman |
| 17:22 | Crear | Genoese Crossbowman |
| 17:33 | Crear | Genoese Crossbowman |
| 17:35 | Investigar | Bodkin Arrow |
| 17:42 | Construir | Farm |
| 17:50 | Crear | Villager (Male) |
| 17:50 | Crear | Villager (Male) |
| 17:55 | Crear | Genoese Crossbowman |
| 17:56 | Crear | Genoese Crossbowman |
| 18:20 | Construir | Farm |
| 18:20 | Crear | Villager (Male) |
| 18:24 | Crear | Genoese Crossbowman |
| 18:33 | Crear | Villager (Male) |
| 19:00 | Crear | Villager (Male) |
| 19:10 | Crear | Villager (Male) |
| 19:12 | Construir | Farm |
| 19:16 | Construir | Farm |
| 19:18 | Crear | Villager (Male) |
| 19:20 | Construir | Town Center |
| 19:22 | Crear | Villager (Male) |
| 19:39 | Crear | Villager (Male) |
| 19:49 | Investigar | Bow Saw |
| 19:49 | Investigar | Bow Saw |
| 19:55 | Crear | Villager (Male) |
| 19:57 | Crear | Genoese Crossbowman |
| 19:59 | Crear | Genoese Crossbowman |
| 20:13 | Crear | Petard |
| 20:27 | Crear | Villager (Male) |
| 20:34 | Construir | Farm |
| 20:36 | Construir | Farm |
| 20:40 | Construir | Farm |
| 20:47 | Crear | Villager (Male) |
| 21:05 | Crear | Genoese Crossbowman |
| 21:06 | Crear | Genoese Crossbowman |
| 21:16 | Crear | Villager (Male) |
| 21:17 | Crear | Villager (Male) |
| 21:26 | Crear | Genoese Crossbowman |
| 21:26 | Crear | Genoese Crossbowman |
| 21:30 | Crear | Villager (Male) |
| 21:57 | Crear | Villager (Male) |
| 22:13 | Crear | Genoese Crossbowman |
| 22:13 | Crear | Genoese Crossbowman |
| 22:14 | Crear | Genoese Crossbowman |
| 22:35 | Crear | Genoese Crossbowman |
| 22:36 | Crear | Genoese Crossbowman |
| 22:47 | Crear | Villager (Male) |
| 22:47 | Crear | Villager (Male) |
| 22:49 | Construir | Farm |
| 22:50 | Construir | Farm |
| 22:50 | Construir | Farm |
| 22:50 | Construir | Farm |
| 22:51 | Construir | Farm |
| 23:13 | Crear | Villager (Male) ×5 |
| 23:28 | Crear | Villager (Male) |
| 23:36 | Crear | Villager (Male) |
| 23:40 | Crear | Villager (Male) |
| 23:42 | Construir | Barracks |
| 23:44 | Construir | House |
| 23:45 | Construir | House |
| 24:01 | Crear | Genoese Crossbowman ×5 |
| 24:02 | Crear | Genoese Crossbowman |
| 24:17 | Crear | Villager (Male) |
Build order — Zni.Locuss
Primeras 150 de 347 acciones detectadas
| 0:01 | Crear | Villager (Male) |
| 0:02 | Construir | House |
| 0:03 | Construir | House |
| 0:13 | Crear | Villager (Male) ×3 |
| 0:14 | Crear | Villager (Male) ×3 |
| 1:32 | Crear | Villager (Male) |
| 1:32 | Crear | Villager (Male) |
| 1:54 | Construir | Lumber Camp |
| 2:02 | Crear | Villager (Male) |
| 2:02 | Crear | Villager (Male) |
| 2:15 | Crear | Villager (Male) |
| 2:15 | Crear | Villager (Male) |
| 2:47 | Crear | Villager (Male) |
| 2:48 | Crear | Villager (Male) |
| 3:08 | Crear | Villager (Male) |
| 3:09 | Crear | Villager (Male) |
| 3:25 | Construir | House |
| 3:27 | Crear | Villager (Male) |
| 3:28 | Crear | Villager (Male) |
| 3:53 | Crear | Villager (Male) |
| 3:54 | Crear | Villager (Male) |
| 4:19 | Crear | Villager (Male) |
| 4:34 | Crear | Villager (Male) |
| 5:11 | Construir | Mill |
| 5:16 | Crear | Villager (Male) |
| 5:36 | Crear | Villager (Male) |
| 6:11 | Crear | Villager (Male) |
| 6:43 | Investigar | Feudal Age |
| 6:44 | Investigar | Feudal Age |
| 7:52 | Construir | House |
| 8:32 | Crear | Villager (Male) |
| 8:32 | Crear | Villager (Male) |
| 8:53 | Edad | Edad Feudal |
| 8:55 | Construir | Town Center |
| 8:59 | Investigar | Double-Bit Axe |
| 9:00 | Investigar | Horse Collar |
| 9:00 | Investigar | Horse Collar |
| 9:10 | Crear | Villager (Male) |
| 9:34 | Crear | Villager (Male) |
| 10:07 | Crear | Villager (Male) |
| 10:21 | Crear | Villager (Male) |
| 10:21 | Crear | Villager (Male) |
| 10:32 | Construir | House |
| 10:37 | Construir | Farm |
| 10:40 | Construir | Farm |
| 10:41 | Crear | Villager (Male) |
| 11:13 | Crear | Villager (Male) |
| 11:23 | Crear | Villager (Male) |
| 11:24 | Crear | Villager (Male) |
| 11:26 | Construir | Farm |
| 11:32 | Crear | Villager (Male) |
| 11:37 | Construir | Farm |
| 11:38 | Construir | Farm |
| 11:47 | Crear | Villager (Male) |
| 12:03 | Crear | Villager (Male) |
| 12:23 | Crear | Villager (Male) |
| 12:24 | Crear | Villager (Male) |
| 12:35 | Crear | Villager (Male) |
| 12:36 | Construir | Farm |
| 12:39 | Construir | House |
| 12:44 | Crear | Villager (Male) |
| 12:46 | Construir | Farm |
| 13:08 | Crear | Villager (Male) |
| 13:15 | Construir | Farm |
| 13:19 | Crear | Villager (Male) |
| 13:22 | Construir | Farm |
| 13:23 | Construir | Farm |
| 13:25 | Construir | Farm |
| 13:28 | Construir | House |
| 13:29 | Construir | House |
| 13:39 | Construir | Farm |
| 13:40 | Crear | Villager (Male) |
| 13:41 | Crear | Villager (Male) |
| 13:42 | Construir | Farm |
| 13:59 | Crear | Villager (Male) |
| 14:01 | Construir | Farm |
| 14:10 | Construir | Farm |
| 14:12 | Crear | Villager (Male) |
| 14:13 | Crear | Villager (Male) |
| 14:16 | Construir | Market |
| 14:31 | Construir | Farm |
| 14:43 | Construir | Lumber Camp |
| 14:45 | Crear | Villager (Male) |
| 14:47 | Crear | Villager (Male) |
| 14:50 | Construir | House |
| 14:59 | Construir | Farm |
| 15:04 | Crear | Villager (Male) |
| 15:05 | Crear | Villager (Male) |
| 15:26 | Crear | Villager (Male) |
| 15:32 | Construir | Farm |
| 15:37 | Crear | Villager (Male) |
| 15:38 | Crear | Villager (Male) |
| 15:45 | Construir | Blacksmith |
| 15:48 | Construir | Farm |
| 15:58 | Construir | Farm |
| 16:00 | Crear | Villager (Male) |
| 16:00 | Crear | Villager (Male) |
| 16:12 | Construir | Farm |
| 16:16 | Construir | Farm |
| 16:20 | Construir | House |
| 16:25 | Crear | Villager (Male) |
| 16:27 | Construir | Farm |
| 16:32 | Construir | Farm |
| 16:52 | Construir | Farm |
| 17:04 | Investigar | Loom |
| 17:04 | Investigar | Loom |
| 17:08 | Investigar | Castle Age |
| 17:08 | Investigar | Castle Age |
| 17:12 | Construir | Barracks |
| 17:19 | Crear | Villager (Male) |
| 17:37 | Construir | House |
| 17:38 | Construir | House |
| 17:38 | Construir | House |
| 17:48 | Crear | Villager (Male) |
| 17:53 | Construir | Lumber Camp |
| 18:05 | Crear | Villager (Male) |
| 18:08 | Construir | Stable |
| 18:10 | Construir | Stable |
| 18:20 | Investigar | Scale Barding Armor |
| 18:26 | Crear | Villager (Male) |
| 18:31 | Investigar | Wheelbarrow |
| 18:31 | Investigar | Wheelbarrow |
| 18:36 | Construir | House |
| 18:58 | Investigar | Bloodlines |
| 18:59 | Investigar | Bloodlines |
| 18:59 | Investigar | Bloodlines |
| 19:03 | Crear | Villager (Male) |
| 19:07 | Construir | Siege Workshop |
| 19:35 | Crear | Villager (Male) |
| 19:36 | Crear | Villager (Male) |
| 19:38 | Construir | House |
| 19:40 | Crear | Battering Ram |
| 19:41 | Crear | Battering Ram |
| 19:52 | Edad | Edad de los Castillos |
| 19:53 | Crear | Knight |
| 19:54 | Crear | Knight |
| 19:57 | Crear | Villager (Male) |
| 19:58 | Construir | Mining Camp |
| 20:09 | Construir | Mining Camp |
| 20:14 | Investigar | Capped Ram (upgrade) |
| 20:14 | Investigar | Capped Ram (upgrade) |
| 20:17 | Crear | Knight |
| 20:19 | Crear | Knight |
| 20:22 | Crear | Villager (Male) |
| 20:24 | Construir | House |
| 20:25 | Construir | House |
| 20:25 | Construir | House |
| 20:46 | Crear | Knight |
| 20:46 | Crear | Knight |
| 20:53 | Crear | Villager (Male) |
Build order — 主打抽象
122 acciones detectadas en el replay
| 0:01 | Crear | Villager (Male) |
| 0:01 | Crear | Villager (Male) |
| 0:01 | Crear | Villager (Male) |
| 0:02 | Construir | House |
| 0:03 | Crear | Villager (Male) |
| 0:03 | Crear | Villager (Male) |
| 0:04 | Construir | House |
| 1:25 | Crear | Villager (Male) |
| 1:25 | Crear | Villager (Male) |
| 1:47 | Construir | Palisade Gate |
| 1:49 | Construir | Palisade Wall |
| 1:50 | Construir | Palisade Wall |
| 1:52 | Construir | Palisade Wall |
| 2:00 | Crear | Villager (Male) |
| 2:00 | Crear | Villager (Male) |
| 2:29 | Construir | Palisade Wall |
| 2:32 | Crear | Villager (Male) |
| 2:32 | Crear | Villager (Male) |
| 2:50 | Crear | Villager (Male) |
| 2:50 | Crear | Villager (Male) |
| 3:00 | Crear | Villager (Male) |
| 3:00 | Crear | Villager (Male) |
| 3:23 | Crear | Villager (Male) |
| 3:23 | Crear | Villager (Male) |
| 3:30 | Construir | House |
| 3:46 | Crear | Villager (Male) |
| 3:46 | Crear | Villager (Male) |
| 4:00 | Construir | Lumber Camp |
| 4:18 | Crear | Villager (Male) |
| 4:18 | Crear | Villager (Male) |
| 4:45 | Crear | Villager (Male) |
| 4:54 | Crear | Villager (Male) |
| 4:54 | Crear | Villager (Male) |
| 5:19 | Construir | House |
| 5:30 | Crear | Villager (Male) |
| 5:31 | Crear | Villager (Male) |
| 5:31 | Crear | Villager (Male) |
| 5:31 | Crear | Villager (Male) |
| 6:01 | Crear | Villager (Male) |
| 6:28 | Construir | Mill |
| 7:17 | Crear | Villager (Male) |
| 7:20 | Construir | Farm |
| 7:24 | Construir | Farm |
| 8:09 | Investigar | Feudal Age |
| 8:09 | Investigar | Feudal Age |
| 8:12 | Crear | Villager (Male) |
| 8:12 | Investigar | Feudal Age |
| 8:13 | Investigar | Feudal Age |
| 9:04 | Construir | Mining Camp |
| 9:29 | Construir | House |
| 9:32 | Construir | Palisade Wall |
| 9:54 | Construir | House |
| 9:58 | Construir | Palisade Wall |
| 10:13 | Investigar | Loom |
| 10:13 | Investigar | Loom |
| 10:21 | Construir | House |
| 10:25 | Construir | House |
| 10:26 | Crear | Villager (Male) |
| 10:30 | Construir | Palisade Wall |
| 10:32 | Construir | Palisade Wall |
| 10:36 | Construir | Palisade Wall |
| 10:37 | Construir | Palisade Wall |
| 10:39 | Construir | Palisade Wall |
| 10:41 | Crear | Villager (Male) |
| 10:57 | Construir | House |
| 10:57 | Edad | Edad Feudal |
| 10:58 | Construir | Palisade Wall |
| 11:01 | Construir | House |
| 11:02 | Construir | Palisade Wall |
| 11:50 | Crear | Villager (Male) |
| 12:00 | Construir | House |
| 12:02 | Construir | Palisade Wall |
| 12:05 | Construir | House |
| 13:11 | Construir | Market |
| 13:15 | Construir | Blacksmith |
| 13:42 | Construir | Farm |
| 14:22 | Construir | Farm |
| 14:41 | Investigar | Castle Age |
| 14:41 | Investigar | Castle Age |
| 16:42 | Construir | Mining Camp |
| 16:56 | Construir | Stone Wall |
| 17:21 | Edad | Edad de los Castillos |
| 17:47 | Construir | Farm |
| 17:55 | Construir | Castle |
| 17:55 | Construir | Farm |
| 17:56 | Crear | Villager (Male) |
| 19:06 | Crear | Arambai |
| 19:06 | Crear | Arambai |
| 19:42 | Crear | Villager (Male) |
| 20:24 | Construir | Lumber Camp |
| 21:27 | Crear | Arambai |
| 21:28 | Crear | Arambai |
| 21:47 | Construir | Lumber Camp |
| 22:34 | Crear | Arambai |
| 22:34 | Crear | Arambai |
| 22:52 | Crear | Arambai |
| 22:52 | Crear | Arambai |
| 23:27 | Crear | Arambai |
| 23:28 | Crear | Arambai |
| 23:36 | Construir | Siege Workshop |
| 24:04 | Crear | Arambai |
| 24:04 | Crear | Arambai |
| 24:05 | Crear | Arambai |
| 24:06 | Crear | Villager (Male) |
| 24:46 | Crear | Arambai |
| 24:47 | Crear | Arambai |
| 25:33 | Crear | Battering Ram |
| 25:34 | Crear | Battering Ram |
| 25:36 | Crear | Arambai |
| 25:36 | Crear | Arambai |
| 26:37 | Crear | Battering Ram |
| 26:38 | Crear | Battering Ram |
| 27:58 | Crear | Arambai |
| 29:50 | Crear | Battering Ram |
| 29:50 | Crear | Battering Ram |
| 29:51 | Crear | Battering Ram |
| 29:52 | Crear | Arambai |
| 29:53 | Crear | Arambai |
| 30:01 | Crear | Arambai |
| 30:01 | Crear | Arambai |
| 30:15 | Construir | Farm |
| 30:16 | Construir | Farm |
Build order — AMalik7032
Primeras 150 de 293 acciones detectadas
| 0:00 | Crear | Villager (Male) |
| 0:00 | Crear | Villager (Male) |
| 0:00 | Crear | Villager (Male) |
| 0:00 | Crear | Villager (Male) |
| 0:00 | Crear | Villager (Male) |
| 0:02 | Construir | House |
| 0:03 | Construir | House |
| 1:22 | Crear | Villager (Male) |
| 1:22 | Crear | Villager (Male) |
| 1:22 | Crear | Villager (Male) |
| 1:23 | Crear | Villager (Male) |
| 1:49 | Construir | Lumber Camp |
| 1:59 | Crear | Villager (Male) |
| 1:59 | Crear | Villager (Male) |
| 1:59 | Crear | Villager (Male) |
| 1:59 | Crear | Villager (Male) |
| 1:59 | Crear | Villager (Male) |
| 2:13 | Crear | Villager (Male) |
| 2:13 | Crear | Villager (Male) |
| 2:13 | Crear | Villager (Male) |
| 2:45 | Crear | Villager (Male) |
| 2:45 | Crear | Villager (Male) |
| 2:45 | Crear | Villager (Male) |
| 2:45 | Crear | Villager (Male) |
| 3:09 | Crear | Villager (Male) |
| 3:09 | Crear | Villager (Male) |
| 3:09 | Crear | Villager (Male) |
| 3:09 | Crear | Villager (Male) |
| 3:09 | Crear | Villager (Male) |
| 3:34 | Crear | Villager (Male) |
| 3:34 | Crear | Villager (Male) |
| 3:34 | Crear | Villager (Male) |
| 3:34 | Crear | Villager (Male) |
| 3:56 | Construir | House |
| 4:25 | Crear | Villager (Male) |
| 4:26 | Crear | Villager (Male) |
| 4:26 | Crear | Villager (Male) |
| 4:26 | Crear | Villager (Male) |
| 4:26 | Crear | Villager (Male) |
| 4:51 | Crear | Villager (Male) |
| 4:51 | Crear | Villager (Male) |
| 4:51 | Crear | Villager (Male) |
| 5:00 | Construir | Mill |
| 5:34 | Investigar | Loom |
| 6:15 | Investigar | Feudal Age |
| 6:35 | Construir | Mining Camp |
| 6:50 | Construir | House |
| 7:48 | Crear | Villager (Male) |
| 7:48 | Crear | Villager (Male) |
| 7:48 | Crear | Villager (Male) |
| 8:28 | Construir | Watch Tower |
| 8:41 | Construir | House |
| 9:04 | Crear | Villager (Male) |
| 9:25 | Investigar | Double-Bit Axe |
| 9:50 | Crear | Villager (Male) |
| 10:11 | Construir | Watch Tower |
| 10:19 | Construir | Watch Tower |
| 10:27 | Crear | Villager (Male) |
| 10:27 | Crear | Villager (Male) |
| 10:27 | Crear | Villager (Male) |
| 10:27 | Crear | Villager (Male) |
| 10:38 | Construir | Watch Tower |
| 10:57 | Crear | Villager (Male) |
| 10:57 | Crear | Villager (Male) |
| 10:57 | Crear | Villager (Male) |
| 10:57 | Crear | Villager (Male) |
| 10:57 | Crear | Villager (Male) |
| 11:05 | Construir | Farm |
| 11:08 | Construir | Farm |
| 11:19 | Crear | Villager (Male) |
| 11:19 | Crear | Villager (Male) |
| 11:19 | Crear | Villager (Male) |
| 11:19 | Crear | Villager (Male) |
| 11:19 | Crear | Villager (Male) |
| 11:19 | Crear | Villager (Male) |
| 11:47 | Construir | Watch Tower |
| 11:52 | Crear | Villager (Male) |
| 11:52 | Crear | Villager (Male) |
| 11:56 | Construir | House |
| 12:19 | Crear | Villager (Male) |
| 12:19 | Crear | Villager (Male) |
| 12:19 | Crear | Villager (Male) |
| 12:19 | Crear | Villager (Male) |
| 12:28 | Construir | House |
| 12:29 | Crear | Villager (Male) |
| 12:29 | Crear | Villager (Male) |
| 12:29 | Crear | Villager (Male) |
| 12:29 | Crear | Villager (Male) |
| 12:31 | Construir | Farm |
| 12:54 | Crear | Villager (Male) |
| 12:54 | Crear | Villager (Male) |
| 12:54 | Crear | Villager (Male) |
| 12:54 | Crear | Villager (Male) |
| 13:10 | Construir | Watch Tower |
| 13:19 | Crear | Villager (Male) |
| 13:19 | Crear | Villager (Male) |
| 13:19 | Crear | Villager (Male) |
| 13:27 | Construir | Farm |
| 13:28 | Construir | Farm |
| 13:32 | Construir | House |
| 13:43 | Crear | Villager (Male) |
| 13:43 | Crear | Villager (Male) |
| 13:43 | Crear | Villager (Male) |
| 13:43 | Crear | Villager (Male) |
| 14:06 | Construir | Mining Camp |
| 14:07 | Crear | Villager (Male) |
| 14:15 | Construir | Watch Tower |
| 14:20 | Crear | Villager (Male) |
| 14:55 | Crear | Villager (Male) |
| 15:15 | Construir | Blacksmith |
| 15:28 | Crear | Villager (Male) |
| 15:34 | Construir | Watch Tower |
| 15:38 | Crear | Villager (Male) |
| 16:04 | Investigar | Fletching |
| 16:20 | Crear | Villager (Male) |
| 16:22 | Construir | House |
| 16:23 | Construir | House |
| 16:33 | Crear | Villager (Male) |
| 16:49 | Construir | Watch Tower |
| 16:52 | Crear | Villager (Male) |
| 16:52 | Crear | Villager (Male) |
| 17:06 | Crear | Villager (Male) |
| 17:10 | Construir | Farm |
| 17:11 | Construir | Farm |
| 17:19 | Construir | Lumber Camp |
| 17:29 | Crear | Villager (Male) |
| 17:42 | Crear | Villager (Male) |
| 17:50 | Crear | Villager (Male) |
| 17:55 | Construir | Watch Tower |
| 18:06 | Construir | House |
| 18:09 | Construir | Farm |
| 18:10 | Construir | Farm |
| 18:45 | Crear | Villager (Male) |
| 18:45 | Crear | Villager (Male) |
| 19:04 | Construir | Watch Tower |
| 19:08 | Construir | Market |
| 19:10 | Construir | House |
| 19:42 | Construir | Palisade Wall |
| 19:43 | Construir | Palisade Wall |
| 19:44 | Construir | Palisade Wall |
| 19:45 | Construir | Palisade Wall |
| 19:46 | Construir | Palisade Wall |
| 19:47 | Crear | Villager (Male) |
| 19:58 | Construir | Palisade Wall |
| 19:59 | Construir | Palisade Wall |
| 20:00 | Crear | Villager (Male) |
| 20:12 | Construir | Palisade Wall |
| 20:14 | Construir | Palisade Wall |
| 20:26 | Construir | Palisade Wall |
| 20:28 | Construir | Palisade Wall |
Build order — killua
Primeras 150 de 181 acciones detectadas
| 0:02 | Crear | Villager (Male) |
| 0:02 | Crear | Villager (Male) |
| 0:02 | Construir | House |
| 0:04 | Construir | House |
| 0:08 | Crear | Villager (Male) |
| 0:10 | Crear | Villager (Male) |
| 1:13 | Crear | Villager (Male) |
| 1:19 | Construir | Palisade Gate |
| 1:23 | Construir | Palisade Wall |
| 1:24 | Construir | Palisade Wall |
| 1:26 | Construir | Palisade Wall |
| 1:34 | Construir | Palisade Wall |
| 1:39 | Construir | Palisade Wall |
| 1:41 | Construir | Palisade Wall |
| 1:42 | Construir | Palisade Wall |
| 1:45 | Crear | Villager (Male) |
| 1:45 | Crear | Villager (Male) |
| 1:58 | Construir | Palisade Gate |
| 2:18 | Crear | Villager (Male) |
| 2:44 | Crear | Villager (Male) |
| 2:44 | Crear | Villager (Male) |
| 3:27 | Crear | Villager (Male) |
| 3:27 | Crear | Villager (Male) |
| 3:29 | Construir | Lumber Camp |
| 3:52 | Crear | Villager (Male) |
| 3:52 | Crear | Villager (Male) |
| 3:55 | Construir | House |
| 4:07 | Crear | Villager (Male) |
| 4:07 | Crear | Villager (Male) |
| 4:41 | Crear | Villager (Male) |
| 4:41 | Crear | Villager (Male) |
| 4:56 | Crear | Villager (Male) |
| 4:57 | Crear | Villager (Male) |
| 4:58 | Crear | Villager (Male) |
| 4:58 | Crear | Villager (Male) |
| 5:04 | Construir | House |
| 5:27 | Crear | Villager (Male) |
| 5:58 | Crear | Villager (Male) |
| 6:00 | Crear | Villager (Male) |
| 6:07 | Crear | Villager (Male) |
| 6:11 | Crear | Villager (Male) |
| 6:20 | Crear | Villager (Male) |
| 6:40 | Crear | Villager (Male) |
| 7:00 | Crear | Villager (Male) |
| 7:03 | Construir | Mill |
| 7:21 | Crear | Villager (Male) |
| 7:26 | Crear | Villager (Male) |
| 7:31 | Crear | Villager (Male) |
| 7:52 | Crear | Villager (Male) |
| 8:11 | Construir | House |
| 8:36 | Crear | Villager (Male) |
| 8:46 | Investigar | Feudal Age |
| 8:54 | Construir | Mining Camp |
| 11:02 | Edad | Edad Feudal |
| 11:06 | Construir | Market |
| 11:10 | Construir | Blacksmith |
| 11:13 | Crear | Villager (Male) |
| 11:35 | Crear | Villager (Male) |
| 11:57 | Investigar | Castle Age |
| 12:09 | Investigar | Double-Bit Axe |
| 12:15 | Construir | House |
| 12:41 | Investigar | Horse Collar |
| 12:45 | Construir | House |
| 12:52 | Construir | Farm |
| 12:55 | Construir | Farm |
| 13:18 | Construir | House |
| 13:27 | Construir | Farm |
| 13:30 | Construir | Farm |
| 13:35 | Crear | Villager (Male) |
| 14:17 | Crear | Villager (Male) |
| 14:43 | Edad | Edad de los Castillos |
| 14:45 | Construir | Town Center |
| 14:48 | Investigar | Bow Saw |
| 14:53 | Crear | Villager (Male) |
| 15:11 | Construir | Farm |
| 15:15 | Construir | Farm |
| 15:16 | Crear | Villager (Male) |
| 15:50 | Crear | Villager (Male) |
| 15:57 | Crear | Villager (Male) |
| 15:59 | Crear | Villager (Male) |
| 16:07 | Construir | Stone Wall |
| 16:10 | Construir | Stone Wall |
| 16:13 | Crear | Villager (Male) |
| 16:15 | Crear | Villager (Male) |
| 16:24 | Construir | Town Center |
| 16:30 | Construir | Town Center |
| 16:31 | Crear | Villager (Male) |
| 16:38 | Crear | Villager (Male) |
| 16:42 | Construir | Stone Wall |
| 16:47 | Construir | Farm |
| 16:49 | Construir | Farm |
| 16:53 | Construir | Farm |
| 17:05 | Crear | Villager (Male) |
| 17:10 | Construir | Farm |
| 17:11 | Construir | Farm |
| 17:12 | Construir | Farm |
| 17:21 | Crear | Villager (Male) |
| 17:22 | Crear | Villager (Male) |
| 17:23 | Crear | Villager (Male) |
| 17:30 | Construir | Stone Wall |
| 17:35 | Crear | Villager (Male) |
| 17:43 | Construir | Farm |
| 17:44 | Construir | Farm |
| 17:44 | Construir | Farm |
| 17:44 | Construir | Farm |
| 17:44 | Construir | Farm |
| 17:50 | Construir | Farm |
| 17:53 | Crear | Villager (Male) |
| 17:56 | Construir | Farm |
| 18:01 | Crear | Villager (Male) |
| 18:06 | Construir | Stone Wall |
| 18:19 | Crear | Villager (Male) |
| 18:19 | Crear | Villager (Male) |
| 18:32 | Construir | Farm |
| 18:33 | Crear | Villager (Male) |
| 18:39 | Construir | Farm |
| 18:40 | Crear | Villager (Male) |
| 18:55 | Crear | Villager (Male) |
| 18:55 | Crear | Villager (Male) |
| 18:56 | Crear | Villager (Male) |
| 19:00 | Construir | Farm |
| 19:01 | Construir | Farm |
| 19:01 | Construir | Farm |
| 19:01 | Construir | Farm |
| 19:01 | Construir | Farm |
| 19:02 | Construir | Farm |
| 19:02 | Construir | Farm |
| 19:04 | Crear | Villager (Male) |
| 19:20 | Crear | Villager (Male) |
| 19:24 | Construir | Farm |
| 19:28 | Construir | Farm |
| 19:31 | Construir | Farm |
| 19:37 | Crear | Villager (Male) |
| 19:38 | Crear | Villager (Male) |
| 19:38 | Crear | Villager (Male) |
| 19:38 | Crear | Villager (Male) |
| 19:38 | Crear | Villager (Male) |
| 19:44 | Construir | Farm |
| 19:46 | Construir | Farm |
| 19:46 | Crear | Villager (Male) |
| 19:53 | Construir | Farm |
| 19:55 | Crear | Villager (Male) |
| 19:56 | Crear | Villager (Male) |
| 20:01 | Crear | Villager (Male) |
| 20:02 | Crear | Villager (Male) |
| 20:27 | Construir | Town Center |
| 20:31 | Crear | Villager (Male) |
| 20:33 | Construir | Farm |
| 20:34 | Crear | Villager (Male) |
| 20:34 | Crear | Villager (Male) |
Build order — IYI_BGALEX
Primeras 150 de 182 acciones detectadas
| 0:02 | Crear | Villager (Male) ×4 |
| 0:03 | Construir | House |
| 0:05 | Construir | House |
| 1:28 | Crear | Villager (Male) |
| 1:54 | Construir | Lumber Camp |
| 1:57 | Crear | Villager (Male) |
| 1:58 | Crear | Villager (Male) |
| 2:13 | Crear | Villager (Male) |
| 2:59 | Crear | Villager (Male) |
| 2:59 | Crear | Villager (Male) |
| 3:41 | Crear | Villager (Male) |
| 3:56 | Construir | House |
| 4:07 | Crear | Villager (Male) |
| 4:08 | Crear | Villager (Male) |
| 4:34 | Construir | House |
| 4:36 | Construir | House |
| 4:42 | Crear | Villager (Male) |
| 4:42 | Crear | Villager (Male) |
| 4:43 | Crear | Villager (Male) |
| 4:52 | Construir | Mill |
| 5:35 | Crear | Villager (Male) |
| 5:35 | Crear | Villager (Male) |
| 5:36 | Crear | Villager (Male) |
| 6:05 | Construir | Mill |
| 6:40 | Construir | Mining Camp |
| 6:43 | Crear | Villager (Male) |
| 6:56 | Crear | Villager (Male) |
| 7:17 | Crear | Villager (Male) |
| 7:44 | Crear | Villager (Male) |
| 7:48 | Construir | Mining Camp |
| 8:21 | Crear | Villager (Male) |
| 8:45 | Crear | Villager (Male) |
| 9:14 | Crear | Villager (Male) |
| 9:41 | Investigar | Feudal Age |
| 9:48 | Crear | Villager (Male) |
| 9:50 | Crear | Villager (Male) |
| 10:15 | Construir | Farm |
| 11:42 | Crear | Villager (Male) |
| 11:55 | Edad | Edad Feudal |
| 11:59 | Construir | Market |
| 12:03 | Construir | Blacksmith |
| 13:01 | Investigar | Castle Age |
| 13:01 | Investigar | Castle Age |
| 13:15 | Construir | Farm |
| 13:18 | Construir | Farm |
| 13:20 | Construir | Farm |
| 13:43 | Construir | House |
| 15:02 | Construir | Farm |
| 15:03 | Construir | Farm |
| 15:41 | Edad | Edad de los Castillos |
| 15:42 | Construir | Castle |
| 16:09 | Construir | House |
| 16:14 | Construir | Palisade Wall |
| 16:18 | Crear | Villager (Male) |
| 16:22 | Investigar | Loom |
| 16:38 | Investigar | Padded Archer Armor |
| 16:56 | Construir | Mining Camp |
| 17:01 | Crear | Conquistador |
| 17:01 | Crear | Conquistador |
| 17:10 | Crear | Villager (Male) |
| 17:19 | Crear | Conquistador |
| 17:31 | Crear | Villager (Male) |
| 17:36 | Crear | Conquistador |
| 17:44 | Investigar | Leather Archer Armor |
| 17:50 | Crear | Conquistador |
| 17:54 | Crear | Villager (Male) |
| 17:56 | Construir | Farm |
| 18:16 | Crear | Villager (Male) |
| 18:18 | Construir | Farm |
| 18:57 | Crear | Conquistador |
| 19:06 | Construir | Siege Workshop |
| 19:25 | Crear | Conquistador |
| 19:40 | Crear | Mangonel |
| 19:42 | Crear | Conquistador |
| 19:45 | Crear | Villager (Male) |
| 19:49 | Construir | Farm |
| 19:54 | Construir | Farm |
| 19:57 | Crear | Villager (Male) |
| 20:17 | Crear | Mangonel |
| 20:21 | Crear | Villager (Male) |
| 20:39 | Crear | Villager (Male) |
| 21:17 | Crear | Conquistador |
| 21:21 | Crear | Villager (Male) |
| 22:44 | Crear | Villager (Male) |
| 22:44 | Crear | Villager (Male) |
| 22:46 | Crear | Conquistador |
| 22:47 | Crear | Conquistador |
| 22:49 | Crear | Conquistador |
| 23:38 | Crear | Villager (Male) |
| 23:39 | Crear | Villager (Male) |
| 23:42 | Crear | Conquistador |
| 23:43 | Crear | Conquistador |
| 23:58 | Crear | Mangonel |
| 24:06 | Crear | Mangonel |
| 24:07 | Crear | Villager (Male) |
| 24:12 | Crear | Conquistador |
| 24:12 | Crear | Conquistador |
| 24:30 | Construir | House |
| 26:08 | Crear | Villager (Male) |
| 26:08 | Crear | Villager (Male) |
| 26:10 | Crear | Villager (Male) |
| 26:11 | Crear | Villager (Male) |
| 26:12 | Construir | House |
| 26:13 | Construir | House |
| 26:15 | Crear | Conquistador |
| 26:15 | Crear | Conquistador |
| 27:01 | Crear | Villager (Male) |
| 27:01 | Crear | Villager (Male) |
| 27:13 | Crear | Villager (Male) |
| 27:17 | Construir | Lumber Camp |
| 27:19 | Construir | Lumber Camp |
| 27:54 | Construir | Town Center |
| 28:05 | Crear | Villager (Male) |
| 28:09 | Construir | Town Center |
| 28:30 | Crear | Villager (Male) |
| 28:32 | Crear | Villager (Male) |
| 28:57 | Construir | Town Center |
| 29:20 | Crear | Villager (Male) |
| 29:22 | Crear | Villager (Male) |
| 29:22 | Crear | Villager (Male) |
| 29:23 | Crear | Villager (Male) |
| 29:23 | Crear | Villager (Male) |
| 29:32 | Investigar | Double-Bit Axe |
| 29:38 | Crear | Villager (Male) |
| 29:39 | Crear | Villager (Male) |
| 29:41 | Investigar | Horse Collar |
| 29:43 | Crear | Villager (Male) |
| 29:44 | Crear | Villager (Male) |
| 29:44 | Crear | Villager (Male) |
| 30:14 | Crear | Villager (Male) |
| 30:14 | Crear | Villager (Male) |
| 30:15 | Crear | Villager (Male) |
| 30:20 | Construir | House |
| 30:22 | Construir | House |
| 30:23 | Construir | House |
| 30:26 | Crear | Villager (Male) |
| 30:26 | Crear | Villager (Male) |
| 30:29 | Construir | Farm |
| 30:38 | Investigar | Bow Saw |
| 30:47 | Investigar | Heavy Plow |
| 30:49 | Crear | Villager (Male) |
| 30:49 | Crear | Villager (Male) |
| 30:50 | Crear | Villager (Male) |
| 31:04 | Construir | Town Center |
| 31:40 | Crear | Villager (Male) |
| 31:41 | Crear | Villager (Male) |
| 31:41 | Crear | Villager (Male) |
| 31:42 | Crear | Villager (Male) |
| 31:48 | Construir | Barracks |
| 32:24 | Crear | Villager (Male) |
Build order — Zni.Venom
Primeras 150 de 238 acciones detectadas
| 0:01 | Crear | Villager (Male) |
| 0:01 | Crear | Villager (Male) |
| 0:02 | Crear | Villager (Male) |
| 0:02 | Crear | Villager (Male) |
| 0:02 | Crear | Villager (Male) |
| 0:03 | Construir | House |
| 0:05 | Construir | House |
| 1:16 | Crear | Villager (Male) |
| 1:51 | Construir | Lumber Camp |
| 2:10 | Crear | Villager (Male) |
| 2:10 | Crear | Villager (Male) |
| 2:27 | Crear | Villager (Male) |
| 2:43 | Construir | House |
| 2:49 | Crear | Villager (Male) |
| 3:10 | Crear | Villager (Male) |
| 3:10 | Crear | Villager (Male) |
| 3:41 | Crear | Villager (Male) |
| 4:31 | Crear | Villager (Male) |
| 4:39 | Crear | Villager (Male) |
| 5:08 | Crear | Villager (Male) |
| 5:16 | Crear | Villager (Male) |
| 5:24 | Crear | Villager (Male) |
| 5:43 | Construir | Mill |
| 5:55 | Construir | House |
| 6:02 | Crear | Villager (Male) |
| 6:16 | Crear | Villager (Male) |
| 6:20 | Crear | Villager (Male) |
| 7:00 | Construir | Mill |
| 7:38 | Crear | Villager (Male) |
| 8:08 | Crear | Villager (Male) |
| 8:18 | Construir | Mining Camp |
| 8:30 | Investigar | Feudal Age |
| 9:13 | Construir | House |
| 9:15 | Construir | House |
| 9:42 | Crear | Villager (Male) |
| 10:52 | Edad | Edad Feudal |
| 10:53 | Crear | Villager (Male) |
| 10:55 | Crear | Villager (Male) |
| 10:58 | Investigar | Double-Bit Axe |
| 11:00 | Investigar | Horse Collar |
| 11:17 | Crear | Villager (Male) |
| 11:20 | Construir | Farm |
| 11:22 | Construir | Farm |
| 11:40 | Construir | Farm |
| 11:42 | Construir | Farm |
| 11:43 | Construir | Farm |
| 12:06 | Crear | Villager (Male) |
| 12:38 | Construir | Farm |
| 12:39 | Crear | Villager (Male) |
| 13:06 | Crear | Villager (Male) |
| 13:07 | Construir | Farm |
| 13:08 | Crear | Villager (Male) |
| 13:22 | Crear | Villager (Male) |
| 13:45 | Construir | Farm |
| 14:12 | Construir | Farm |
| 14:13 | Crear | Villager (Male) |
| 14:20 | Construir | House |
| 14:21 | Investigar | Castle Age |
| 14:37 | Construir | Farm |
| 15:00 | Construir | Lumber Camp |
| 15:07 | Construir | Farm |
| 15:09 | Construir | Farm |
| 15:16 | Construir | Farm |
| 16:03 | Construir | Stable |
| 16:38 | Construir | Blacksmith |
| 16:55 | Crear | Scout Cavalry |
| 16:55 | Crear | Scout Cavalry |
| 16:59 | Crear | Scout Cavalry |
| 17:42 | Edad | Edad de los Castillos |
| 17:44 | Construir | Town Center |
| 18:17 | Crear | Villager (Male) |
| 18:39 | Crear | Villager (Male) |
| 18:45 | Construir | Farm |
| 19:09 | Crear | Villager (Male) |
| 19:13 | Construir | Town Center |
| 19:14 | Crear | Villager (Male) |
| 19:15 | Investigar | Wheelbarrow |
| 19:20 | Investigar | Bow Saw |
| 19:21 | Investigar | Heavy Plow |
| 19:42 | Construir | Farm |
| 19:45 | Crear | Villager (Male) |
| 19:46 | Crear | Villager (Male) |
| 19:53 | Construir | House |
| 20:44 | Crear | Villager (Male) |
| 20:46 | Crear | Villager (Male) |
| 21:04 | Construir | Farm |
| 21:07 | Investigar | Hand Cart |
| 21:08 | Investigar | Loom |
| 21:09 | Crear | Villager (Male) |
| 21:11 | Crear | Villager (Male) |
| 21:31 | Construir | Farm |
| 21:32 | Construir | Farm |
| 21:32 | Construir | Farm |
| 21:39 | Construir | Farm |
| 21:41 | Construir | Farm |
| 21:45 | Construir | Farm |
| 21:48 | Construir | Mining Camp |
| 21:55 | Crear | Villager (Male) |
| 22:09 | Crear | Villager (Male) |
| 22:09 | Crear | Villager (Male) |
| 22:32 | Construir | Farm |
| 22:33 | Crear | Villager (Male) |
| 22:33 | Crear | Villager (Male) |
| 22:36 | Investigar | Gold Mining |
| 22:37 | Investigar | Stone Mining |
| 22:47 | Construir | Farm |
| 23:02 | Construir | Farm |
| 23:02 | Crear | Villager (Male) |
| 23:04 | Crear | Villager (Male) |
| 23:11 | Construir | House |
| 23:39 | Construir | Farm |
| 23:50 | Crear | Villager (Male) |
| 23:52 | Investigar | Imperial Age |
| 23:52 | Investigar | Imperial Age |
| 23:55 | Investigar | Stone Shaft Mining |
| 23:57 | Investigar | Gold Shaft Mining |
| 24:14 | Crear | Villager (Male) |
| 24:26 | Crear | Villager (Male) |
| 24:29 | Crear | Villager (Male) |
| 24:29 | Crear | Villager (Male) |
| 24:29 | Crear | Villager (Male) |
| 24:30 | Crear | Villager (Male) |
| 24:41 | Crear | Villager (Male) |
| 24:48 | Construir | Market |
| 24:51 | Construir | Monastery |
| 25:01 | Crear | Villager (Male) |
| 25:03 | Construir | House |
| 25:07 | Crear | Villager (Male) |
| 25:09 | Construir | House |
| 25:13 | Crear | Villager (Male) |
| 25:13 | Crear | Villager (Male) |
| 25:53 | Crear | Villager (Male) |
| 25:54 | Crear | Villager (Male) |
| 26:01 | Construir | House |
| 26:08 | Crear | Villager (Male) |
| 26:12 | Crear | Villager (Male) |
| 26:17 | Crear | Villager (Male) |
| 26:35 | Construir | House |
| 26:37 | Crear | Villager (Male) |
| 26:40 | Construir | Stable |
| 26:42 | Construir | Stable |
| 27:02 | Edad | Edad Imperial |
| 27:02 | Crear | Monk |
| 27:02 | Crear | Monk |
| 27:04 | Crear | Villager (Male) |
| 27:09 | Construir | Castle |
| 27:18 | Construir | Farm |
| 27:31 | Construir | Farm |
| 27:34 | Investigar | Scale Barding Armor |
| 27:35 | Investigar | Forging |
Build order — 棉花糖
Primeras 150 de 350 acciones detectadas
| 0:01 | Crear | Villager (Male) |
| 0:01 | Crear | Villager (Male) |
| 0:01 | Crear | Villager (Male) |
| 0:02 | Construir | House |
| 0:03 | Construir | House |
| 0:11 | Crear | Villager (Male) |
| 0:11 | Crear | Villager (Male) |
| 1:26 | Crear | Villager (Male) |
| 1:27 | Crear | Villager (Male) |
| 1:45 | Construir | Lumber Camp |
| 2:00 | Crear | Villager (Male) |
| 2:00 | Crear | Villager (Male) |
| 2:18 | Crear | Villager (Male) |
| 2:47 | Crear | Villager (Male) |
| 2:47 | Crear | Villager (Male) |
| 3:10 | Construir | House |
| 3:11 | Construir | House |
| 3:16 | Crear | Villager (Male) |
| 3:16 | Crear | Villager (Male) |
| 3:35 | Crear | Villager (Male) |
| 3:36 | Crear | Villager (Male) |
| 4:08 | Crear | Villager (Male) |
| 4:08 | Crear | Villager (Male) |
| 4:09 | Crear | Villager (Male) |
| 4:44 | Construir | Mill |
| 5:02 | Crear | Villager (Male) |
| 5:19 | Crear | Villager (Male) |
| 5:46 | Crear | Villager (Male) |
| 5:57 | Crear | Villager (Male) |
| 6:26 | Crear | Villager (Male) |
| 6:47 | Crear | Villager (Male) |
| 7:09 | Crear | Villager (Male) |
| 7:42 | Construir | Mill |
| 7:46 | Crear | Villager (Male) |
| 8:16 | Crear | Villager (Male) |
| 8:35 | Construir | Mining Camp |
| 8:46 | Investigar | Feudal Age |
| 8:46 | Investigar | Feudal Age |
| 9:15 | Construir | House |
| 10:57 | Edad | Edad Feudal |
| 10:59 | Crear | Villager (Male) |
| 11:00 | Crear | Villager (Male) |
| 11:04 | Construir | Market |
| 11:09 | Construir | Blacksmith |
| 11:42 | Construir | Farm |
| 11:56 | Investigar | Castle Age |
| 12:01 | Investigar | Double-Bit Axe |
| 12:28 | Investigar | Horse Collar |
| 12:32 | Construir | House |
| 12:46 | Construir | Farm |
| 12:51 | Construir | House |
| 13:06 | Construir | Farm |
| 13:16 | Construir | Farm |
| 13:19 | Construir | Farm |
| 13:26 | Construir | House |
| 13:34 | Construir | Farm |
| 13:46 | Construir | Farm |
| 13:59 | Construir | House |
| 14:03 | Construir | Farm |
| 14:29 | Crear | Villager (Male) |
| 14:36 | Edad | Edad de los Castillos |
| 14:40 | Construir | Town Center |
| 14:42 | Crear | Villager (Male) |
| 15:13 | Construir | Monastery |
| 15:19 | Crear | Villager (Male) |
| 15:23 | Investigar | Bow Saw |
| 15:32 | Crear | Villager (Male) |
| 15:46 | Crear | Villager (Male) |
| 15:49 | Construir | House |
| 15:50 | Crear | Monk |
| 15:53 | Crear | Villager (Male) |
| 16:00 | Construir | Farm |
| 16:02 | Construir | Farm |
| 16:04 | Construir | Farm |
| 16:06 | Crear | Villager (Male) |
| 16:06 | Crear | Villager (Male) |
| 16:18 | Construir | Farm |
| 16:22 | Construir | House |
| 16:25 | Construir | Farm |
| 16:26 | Crear | Villager (Male) |
| 16:26 | Crear | Villager (Male) |
| 16:26 | Crear | Villager (Male) |
| 16:37 | Construir | Farm |
| 16:38 | Crear | Villager (Male) |
| 16:39 | Crear | Villager (Male) |
| 16:50 | Crear | Villager (Male) |
| 16:50 | Crear | Villager (Male) |
| 16:52 | Crear | Monk |
| 16:54 | Construir | Farm |
| 16:59 | Construir | Lumber Camp |
| 17:02 | Construir | House |
| 17:04 | Crear | Villager (Male) |
| 17:04 | Crear | Villager (Male) |
| 17:10 | Construir | Farm |
| 17:18 | Crear | Villager (Male) |
| 17:18 | Crear | Villager (Male) |
| 17:27 | Construir | Farm |
| 17:28 | Crear | Villager (Male) |
| 17:29 | Crear | Villager (Male) |
| 17:37 | Crear | Villager (Male) |
| 17:37 | Crear | Villager (Male) |
| 17:42 | Construir | Farm |
| 17:57 | Crear | Villager (Male) |
| 17:57 | Crear | Villager (Male) |
| 17:58 | Crear | Villager (Male) |
| 17:59 | Crear | Villager (Male) |
| 18:08 | Construir | Farm |
| 18:09 | Crear | Villager (Male) |
| 18:09 | Crear | Villager (Male) |
| 18:12 | Construir | Town Center |
| 18:31 | Construir | Farm |
| 18:37 | Crear | Villager (Male) ×3 |
| 18:43 | Construir | Farm |
| 18:45 | Construir | Farm |
| 18:46 | Construir | Farm |
| 18:54 | Construir | Farm |
| 18:56 | Crear | Villager (Male) |
| 19:09 | Crear | Monk |
| 19:13 | Crear | Villager (Male) |
| 19:18 | Construir | Farm |
| 19:19 | Construir | Farm |
| 19:21 | Investigar | Wheelbarrow |
| 19:22 | Investigar | Wheelbarrow |
| 19:31 | Crear | Villager (Male) |
| 19:32 | Crear | Villager (Male) |
| 19:38 | Construir | Farm |
| 19:39 | Construir | Farm |
| 19:39 | Construir | Farm |
| 19:39 | Crear | Villager (Male) |
| 19:40 | Crear | Villager (Male) |
| 19:45 | Crear | Villager (Male) |
| 19:46 | Crear | Villager (Male) |
| 19:49 | Construir | Farm |
| 19:54 | Crear | Villager (Male) |
| 20:07 | Construir | Farm |
| 20:19 | Crear | Villager (Male) ×4 |
| 20:37 | Crear | Villager (Male) |
| 20:39 | Crear | Villager (Male) |
| 20:40 | Crear | Villager (Male) |
| 21:03 | Crear | Villager (Male) |
| 21:18 | Construir | Town Center |
| 21:20 | Crear | Villager (Male) |
| 21:21 | Crear | Villager (Male) |
| 21:26 | Construir | Lumber Camp |
| 21:32 | Construir | Farm |
| 21:33 | Crear | Villager (Male) |
| 21:36 | Investigar | Gold Mining |
| 21:37 | Investigar | Stone Mining |
| 21:37 | Investigar | Stone Mining |
| 21:37 | Investigar | Stone Mining |
Cronología de la partida
| 1:23 | killua · wall_segment Palisade Wall x1 |
| 1:24 | killua · wall_segment Palisade Wall x1 |
| 1:26 | killua · wall_segment Palisade Wall x1 |
| 1:34 | killua · wall_segment Palisade Wall x1 |
| 1:39 | killua · wall_segment Palisade Wall x1 |
| 1:41 | killua · wall_segment Palisade Wall x1 |
| 1:42 | killua · wall_segment Palisade Wall x1 |
| 1:49 | 主打抽象 · wall_segment Palisade Wall x1 |
| 1:50 | 主打抽象 · wall_segment Palisade Wall x1 |
| 1:52 | 主打抽象 · wall_segment Palisade Wall x5 |
| 2:29 | 主打抽象 · wall_segment Palisade Wall x6 |
| 5:19 | 76561199114178359 · wall_segment Palisade Wall x1 |
| 5:26 | 76561199114178359 · wall_segment Palisade Wall x1 |
| 5:29 | 76561199114178359 · wall_segment Palisade Wall x1 |
| 5:32 | 76561199114178359 · wall_segment Palisade Wall x1 |
| 5:36 | 76561199114178359 · wall_segment Palisade Wall x1 |
| 5:38 | 76561199114178359 · wall_segment Palisade Wall x1 |
| 5:41 | 76561199114178359 · wall_segment Palisade Wall x1 |
| 8:53 | Zni.Locuss · age_up feudal |
| 9:32 | 主打抽象 · wall_segment Palisade Wall x6 |
| 9:58 | 主打抽象 · wall_segment Palisade Wall x7 |
| 10:30 | 主打抽象 · wall_segment Palisade Wall x1 |
| 10:32 | 主打抽象 · wall_segment Palisade Wall x1 |
| 10:36 | 主打抽象 · wall_segment Palisade Wall x1 |
| 10:37 | 主打抽象 · wall_segment Palisade Wall x1 |
| 10:39 | 主打抽象 · wall_segment Palisade Wall x1 |
| 10:52 | Zni.Venom · age_up feudal |
| 10:57 | 棉花糖 · age_up feudal |
| 10:57 | 主打抽象 · age_up feudal |
| 10:58 | 主打抽象 · wall_segment Palisade Wall x1 |
| 11:02 | 主打抽象 · wall_segment Palisade Wall x1 |
| 11:02 | killua · age_up feudal |
| 11:50 | 76561199114178359 · age_up feudal |
| 11:55 | IYI_BGALEX · age_up feudal |
| 12:02 | 主打抽象 · wall_segment Palisade Wall x3 |
| 12:31 | killua · first_market_buy 100 stone |
| 14:00 | 主打抽象 · first_market_sell 100 wood |
| 14:15 | 棉花糖 · first_market_buy 100 wood |
| 14:36 | 棉花糖 · age_up castle |
| 14:43 | killua · age_up castle |
| 15:13 | 棉花糖 · first_building Monastery |
| 15:24 | 76561199114178359 · age_up castle |
| 15:34 | 76561199114178359 · first_building Castle |
| 15:41 | IYI_BGALEX · age_up castle |
| 15:42 | IYI_BGALEX · first_building Castle |
| 16:03 | Zni.Venom · first_building Stable |
| 16:07 | killua · wall_segment Stone Wall x1 |
| 16:10 | killua · wall_segment Stone Wall x5 |
| 16:14 | IYI_BGALEX · wall_segment Palisade Wall x1 |
| 16:42 | killua · wall_segment Stone Wall x13 |
| 16:56 | 主打抽象 · wall_segment Stone Wall x1 |
| 17:12 | Zni.Locuss · first_building Barracks |
| 17:21 | 主打抽象 · age_up castle |
| 17:26 | 主打抽象 · first_market_buy 100 stone |
| 17:30 | killua · wall_segment Stone Wall x3 |
| 17:34 | IYI_BGALEX · first_market_buy 100 food |
| 17:42 | Zni.Venom · age_up castle |
| 17:55 | 主打抽象 · first_building Castle |
| 18:06 | killua · wall_segment Stone Wall x5 |
| 18:08 | Zni.Locuss · first_building Stable |
| 19:06 | IYI_BGALEX · first_building Siege Workshop |
| 19:07 | Zni.Locuss · first_building Siege Workshop |
| 19:42 | AMalik7032 · wall_segment Palisade Wall x1 |
| 19:43 | AMalik7032 · wall_segment Palisade Wall x1 |
| 19:44 | AMalik7032 · wall_segment Palisade Wall x1 |
| 19:45 | AMalik7032 · wall_segment Palisade Wall x1 |
| 19:46 | AMalik7032 · wall_segment Palisade Wall x1 |
| 19:52 | Zni.Locuss · age_up castle |
| 19:58 | AMalik7032 · wall_segment Palisade Wall x3 |
| 19:59 | AMalik7032 · wall_segment Palisade Wall x3 |
| 20:12 | AMalik7032 · wall_segment Palisade Wall x3 |
| 20:14 | AMalik7032 · wall_segment Palisade Wall x3 |
| 20:20 | AMalik7032 · first_market_buy 100 food |
| 20:26 | AMalik7032 · wall_segment Palisade Wall x2 |
| 20:28 | AMalik7032 · wall_segment Palisade Wall x1 |
| 21:05 | 棉花糖 · first_market_sell 100 wood |
| 21:30 | killua · first_market_sell 100 food |
| 21:53 | killua · first_building Siege Workshop |
| 21:54 | AMalik7032 · first_building Barracks |
| 22:04 | killua · wall_segment Stone Wall x1 |
| 23:04 | AMalik7032 · wall_segment Palisade Wall x1 |
| 23:05 | AMalik7032 · wall_segment Palisade Wall x1 |
| 23:21 | Zni.Locuss · first_market_sell 100 food |
| 23:34 | AMalik7032 · first_building Stable |
| 23:36 | 主打抽象 · first_building Siege Workshop |
| 23:42 | 76561199114178359 · first_building Barracks |
| 24:05 | 棉花糖 · first_building Barracks |
| 24:17 | killua · first_building Castle |
| 24:44 | AMalik7032 · first_building Siege Workshop |
| 24:51 | Zni.Venom · first_building Monastery |
| 25:26 | AMalik7032 · wall_segment Stone Wall x1 |
| 25:27 | AMalik7032 · wall_segment Stone Wall x1 |
| 25:28 | AMalik7032 · wall_segment Stone Wall x1 |
| 25:29 | 76561199114178359 · first_building Stable |
| 25:45 | 棉花糖 · first_building Archery Range |
| 25:50 | 棉花糖 · first_building Stable |
| 26:00 | 棉花糖 · first_building Castle |
| 26:58 | Zni.Locuss · first_building Monastery |
| 27:02 | Zni.Venom · age_up imperial |
| 27:09 | Zni.Venom · first_building Castle |
| 27:10 | 76561199114178359 · resign |
| 28:02 | Zni.Venom · tribute_sent a jugador 1 |
| 28:02 | Zni.Venom · tribute_sent a jugador 2 |
| 28:02 | Zni.Venom · tribute_sent a jugador 3 |
| 28:02 | Zni.Venom · tribute_sent a jugador 4 |
| 28:02 | Zni.Venom · tribute_sent a jugador 5 |
| 28:02 | Zni.Venom · tribute_sent a jugador 6 |
| 28:02 | Zni.Venom · tribute_sent a jugador 8 |
| 28:51 | 棉花糖 · age_up imperial |
| 29:25 | Zni.Venom · first_market_sell 100 stone |
| 31:48 | IYI_BGALEX · first_building Barracks |
| 32:05 | Zni.Locuss · age_up imperial |
[ ANÁLISIS IA · 1 CRÉDITO ]
¿Qué pasó realmente en esta partida?
Wolo.gg analiza cada decisión: build order, eco, micro, errores típicos por bracket. Análisis personalizado por WhatsApp o Discord en 30 segundos.
Guía civ
Italianos
Perfil
Jugador #20085885